 Dungeon Crawl Stone Soup version 0.32-a0-22-g6ae6769602 (webtiles) character file.

Game seed: 4412864344304578746

13801 croobank the Nimble (level 11, -6/51 HPs)
             Began as a Felid Summoner on Jan 19, 2024.
             Was a Follower of Kikubaaqudgha.
             Mangled by an unseen horror (9 damage)
             ... on level 10 of the Dungeon.
             The game lasted 00:41:58 (11761 turns).

croobank the Nimble (Felid Summoner)               Turns: 11761, Time: 00:41:59

Health: -6/51      AC:  2    Str:  4    XL:     11   Next: 80%
Magic:  21/22      EV: 24    Int: 23    God:    Kikubaaqudgha [*.....]
Gold:   689        SH:  0    Dex: 17    Spells: 6/24 levels left
                                        Lives:  0   Deaths: 4

rFire   . . .        (weapon unavailable)
rCold   . . .        (shield unavailable)
rNeg    + . .        (body armour unavailable)
rPois   .            (helmet unavailable)
rElec   .            (cloak unavailable)
rCorr   .            (gloves unavailable)
SInv    +            (boots unavailable)
Will    ++...        b - amulet of magic regeneration
Stlth   +++++        v - ring of willpower
HPRegen 0.28/turn    e - ring of positive energy
MPRegen 0.58/turn

%: no passive effects
@: slowed, inugami summoned, very slow
A: very small, claws 1, fangs 3, see invisible, shaggy fur 2, stealthy paws, no
weapons or thrown items, no armour, multi-lived
a: Renounce Religion, Unearth Wretches


You were on level 10 of the Dungeon.
You worshipped Kikubaaqudgha.
Kikubaaqudgha was aware of your devotion.
You visited 2 branches of the dungeon, and saw 12 of its levels.
You also visited: Sewer and Bailey.

You collected 689 gold pieces.

Inventory:

Jewellery
 b - an amulet of magic regeneration (around neck)
 e - a ring of positive energy (right paw)
 i - a ring of flight
 m - an amulet of regeneration
 v - a ring of willpower (left paw)
Wands
 n - a wand of flame (14)
 o - a wand of roots (20)
Scrolls
 p - 2 scrolls of teleportation
 w - 2 scrolls of vulnerability
Potions
 a - 3 potions of magic
 c - 4 potions of curing
 f - a potion of berserk rage
 g - 3 potions of cancellation
 h - a potion of attraction
 k - a potion of mutation
 q - 3 potions of haste {unknown}
 r - 3 potions of might {unknown}
 s - 4 potions of brilliance {unknown}
 u - a potion of resistance {unknown}
 x - a potion of ambrosia {unknown}


   Skills:
 + Level 2.9 Fighting
 + Level 10.3 Dodging
 - Level 10.0 Stealth
 + Level 7.1 Spellcasting
 + Level 8.5 Summonings
 * Level 6.1 Necromancy
 - Level 5.0 Fire Magic
 * Level 6.9 Air Magic


You had 6 spell levels left.
You knew the following spells:

 Your Spells              Type           Power      Damage    Failure   Level
a - Summon Small Mammal   Summ           100%       N/A       1%          1
b - Call Imp              Summ           94%        N/A       1%          2
c - Call Canine Familiar  Summ           47%        N/A       1%          3
d - Summon Blazeheart Go  Fire/Summ      39%        N/A       4%          4
e - Summon Lightning Spi  Summ/Air       43%        N/A       3%          4
f - Animate Dead          Necr           36%        N/A       6%          4

Your spell library contained the following spells:

 Spells                   Type           Power      Damage    Failure   Level
 Cigotuvi's Dreadful Rot  Necr/Alch/Air  56%        N/A       1%          2
 Sublimation of Blood     Necr           36%        N/A       1%          2
 Kiss of Death            Conj/Necr      88%        2d12      2%          1
 Martyr's Knell           Necr/Summ      41%        N/A       3%          4
 Dispel Undead            Necr           36%        3d15      6%          4
 Volatile Blastmotes      Fire/Tloc      38%        2d13      9%          3
 Frozen Ramparts          Ice            16%        1d3       22%         3
 Ignite Poison            Fire/Alch      19%        N/A       26%         4
 Fulminant Prism          Conj/Alch      4%         3d5       58%         4
 Iskenderun's Mystic Bla  Conj/Tloc      8%         2d4       58%         4
 Leda's Liquefaction      Alch/Erth      4%         N/A       58%         4
 Petrify                  Alch/Erth      8%         N/A       58%         4
 Freezing Cloud           Conj/Ice/Air   9%         6-21      63%         5
 Death Channel            Necr           18%        N/A       67%         6
 Metabolic Englaciation   Hex/Ice        4%         N/A       91%         5


Dungeon Overview and Level Annotations

Branches:
Dungeon (11/15)            Temple (1/1) D:7            Lair (0/5) D:8
  Sewer (visited)          Bailey (visited)
    Orc: D:9-12

Altars:
Ashenzari
Cheibriados
Dithmenos
Fedhas
Gozag
Hepliaklqana
Kikubaaqudgha
Makhleb
Nemelex Xobeh
Okawaru
Qazlal
Ru
Sif Muna
Trog
Uskayaw
Vehumet
Wu Jian
Xom
Yredelemnul
The Shining One

Shops:
D:2 (

Annotations:
D:2 1 runed translucent door, Crazy Yiuf, Sigmund
D:4 Edmund
D:6 Jeremiah
D:8 4 transporters


Innate Abilities, Weirdness & Mutations

You have sharp claws.
You have razor-sharp teeth.
You have supernaturally acute eyesight. (SInv)
You are covered in thick fur. (AC +2)
Your paws help you pounce on unaware monsters.
You are incapable of wielding weapons or throwing items.
You cannot wear armour.
You gain extra lives every three experience levels.


Message History

The kobold hits you with a +0 dagger.
* * * LOW HITPOINT WARNING * * *
The kobold hits your lightning spire but does no damage.
Your blazeheart golem's core grows cold and it stops moving.
The kobold hits your lightning spire but does no damage. x3
Aiming: Fastroot
Press: ? - help, Shift-Dir - straight line, f - blazeheart golem
Aim: a blazeheart golem (summoned, paralysed, friendly)
The roots erupt in riotous growth!
Your blazeheart golem is unaffected.
Roots grab the kobold. x2
Your lightning spire is unaffected.
Roots grab the kobold.
The grasping roots constrict the kobold.
You kill the kobold!
Kikubaaqudgha accepts your kill.
The grasping roots constrict the kobold.
You kill the kobold!
Kikubaaqudgha accepts your kill.
The grasping roots constrict the kobold.
The kobold hits you but does no damage. The kobold barely misses you.
Your lightning spire shoots out a bolt of lightning at the kobold!
The bolt of electricity hits the kobold!
The kobold dies!
Kikubaaqudgha accepts your kill.
Your lightning spire disappears in a puff of smoke!
As you read the scroll of revelation, it crumbles to dust.
You feel aware of your surroundings.
You sensed 1 altar.
Found 5 poisoned darts.
Found a stone staircase leading up.
Found a stone staircase leading up.
You start resting.
An unseen horror is nearby!
Casting: Summon Blazeheart Golem (dangerous; 4% risk of failure)
Confirm with . or Enter, or press ? or * to list all spells.
You call for your canine familiar and it appears with a howl!
The unseen horror hits you!
* * * LOW HITPOINT WARNING * * *
The unseen horror hits you!
You die...
Kikubaaqudgha rasps: "You have failed me!
Welcome... death!"

**.#..............,,,*,,,,,,* *,,
,,.....##.........,,,*,,,,,****,,
*,............#(.#,,,*,*,,,,,,**,
**..........####.#*,,,,**,,,,,***
*#...#.....##....*,,*,,,,,,,,,**
####.###.....#...###,###,,,,,,,**
#....##.....##.###.#....,,,*,,,,,
............##..h..<....,,,*,,,*,
.........).....x@....#*,,,,,,,,**
..#.......9.#.....##.#**,,,,,,,,,
#........$).###..#.#,***,,**^**,*
*#.....>..).#........,***,*******
##.....#..............#**,* ****,
.......................#*,***,,,,
........................,,,**,,,,
....=...................*,,*,,,,,
#.................,,,,,***,,,,,,,


You could see an unseen horror (invisible, ally target), a friendly blazeheart
golem (summoned, paralysed) and a friendly inugami (summoned).

Vanquished Creatures
  2 death yaks (D:8)
  An orc knight (Bailey)
  A deep elf zephyrmancer (Bailey)
  A komodo dragon (D:7)
  A wraith (D:10)
  A water moccasin (D:5)
  A nameless horror (D:5)
  2 orc warriors
  A sky beast (D:7)
  A black bear (D:6)
  A centaur (D:8)
  2 kobold brigands
  A gnoll sergeant (D:9)
  A scorpion (D:8)
  An orc priest (D:9)
  A jelly (D:6)
  A gnoll bouda (D:5)
  An iguana (D:5)
  2 orc wizards
  A hell rat (D:8)
  5 gnolls
  An adder (Sewer)
  A river rat (Sewer)
  An ufetubus (D:6)
  An orc (D:9)
  A giant cockroach (D:1)
  3 goblins
  A hobgoblin (D:1)
  2 jackals
  6 kobolds
  3 ball pythons
  2 bats (D:2)
  2 frilled lizards
  A rat (Sewer)
54 creatures vanquished.

Vanquished Creatures (collateral kills)
  A death yak (D:8)
  Pikel (D:5)
  Grinder (D:5)
  A nameless horror (D:5)
  Eustachio (D:6)
  A water moccasin (D:7)
  4 orc warriors
  An ice beast (D:6)
  2 sky beasts
  A black bear (D:6)
  An ogre (D:4)
  2 lemures
  A kobold brigand (D:10)
  2 scorpions
  6 bullfrogs
  A howler monkey (D:5)
  3 orc priests
  3 hounds
  A jelly (D:3)
  Jessica (D:2)
  An iguana (D:8)
  5 orc wizards
  A hell rat (D:8)
  7 gnolls
  10 adders
  2 river rats (Sewer)
  A white imp (D:6)
  An ufetubus (D:6)
  A dart slug (D:1)
  2 ribbon worms (D:4)
  31 orcs
  11 ball pythons
  3 endoplasms
  5 giant cockroaches
  7 goblins
  3 hobgoblins
  4 jackals
  3 quokkas
  2 bats
  5 frilled lizards
  15 kobolds
  17 rats
172 creatures vanquished.

Vanquished Creatures (others)
  An orc (D:9)
  28 blazeheart cores
29 creatures vanquished.

Grand Total: 255 creatures vanquished

Notes
Turn   | Place    | Note
-------+----------+-------------------------------------------
     0 | D:1      | croobank the Felid Summoner began the quest for the Orb.
     0 | D:1      | Reached XP level 1. HP: 9/9 MP: 4/4
   145 | D:1      | Reached XP level 2. HP: 13/13 MP: 3/6
   212 | D:1      | Found a faded altar of an unknown god.
   530 | D:1      | Learned a level 2 spell: Call Imp
  1133 | D:2      | Noticed Sigmund
  1142 | D:2      | Found a runed translucent door.
  1143 | D:2      | Noticed Crazy Yiuf
  1338 | D:2      | Reached XP level 3. HP: 11/15 MP: 3/7
  1480 | D:2      | Found Guwoog's Antique Weapon Shoppe.
  1577 | D:2      | Noticed Jessica
  1595 | D:2      | Killed Jessica
  1920 | D:2      | Reached XP level 4. HP: 20/21 MP: 4/8
  1920 | D:2      | Gained a life (2 lives remaining)
  3556 | D:4      | Noticed Edmund
  3633 | D:4      | Reached XP level 5. HP: 24/24 MP: 4/10
  3639 | D:4      | Learned a level 3 spell: Call Canine Familiar
  3780 | D:4      | Found a glowing drain.
  3783 | Sewer    | Entered a sewer
  4290 | Sewer    | Slain by a bullfrog
  4290 | Sewer    | Lost a life (1 life remaining)
  4291 | Sewer    | Reached skill level 5 in Stealth
  4291 | Sewer    | Reached skill level 5 in Summonings
  4291 | Sewer    | Gained mutation: You are covered in thick fur. (AC +2)
                  | [Felid growth]
  4291 | Sewer    | Reached XP level 6. HP: 28/28 MP: 10/12
  4323 | Sewer    | Reached skill level 5 in Dodging
  4773 | D:3      | Learned a level 4 spell: Summon Blazeheart Golem
  4916 | D:4      | Reached skill level 1 in Fire Magic
  4985 | D:4      | Found a shimmering altar of Xom.
  5270 | D:4      | Reached XP level 7. HP: 20/32 MP: 10/13
  5270 | D:4      | Gained a life (2 lives remaining)
  5481 | D:5      | Entered Level 5 of the Dungeon
  5493 | D:5      | Noticed a nameless horror
  5505 | D:5      | Killed from afar by an orc priest
  5505 | D:5      | Lost a life (1 life remaining)
  5613 | D:5      | Noticed Grinder
  5615 | D:5      | Noticed a nameless horror
  5624 | D:5      | Killed a nameless horror
  5633 | D:5      | Killed Grinder
  5799 | D:5      | Reached XP level 8. HP: 36/36 MP: 11/15
  5872 | D:5      | Found a basalt altar of Yredelemnul.
  5908 | D:5      | Killed by an exploding blazeheart core
  5908 | D:5      | Lost a life (0 lives remaining)
  5924 | D:5      | Noticed Pikel
  6228 | D:5      | Killed Pikel
  6242 | D:5      | Killed a nameless horror
  6452 | D:5      | Found a hide-covered altar of Uskayaw.
  6786 | D:6      | Noticed Eustachio
  6802 | D:6      | Killed Eustachio
  6803 | D:6      | Reached skill level 5 in Spellcasting
  6860 | D:6      | Noticed Jeremiah
  6873 | D:6      | HP: 1/31 [Jeremiah/divine providence (14)]
  6909 | D:7      | Reached XP level 9. HP: 34/36 MP: 9/17
  6919 | D:7      | Learned a level 4 spell: Summon Lightning Spire
  6927 | D:7      | Reached skill level 5 in Fire Magic
  7248 | D:7      | Found a flagged portal.
  7276 | Bailey   | Entered a bailey
  7380 | Bailey   | Noticed an orc knight
  7435 | Bailey   | Killed an orc knight
  7656 | Bailey   | Found a large runed translucent door.
  7656 | Bailey   | Found a large runed translucent door.
  7657 | Bailey   | Noticed a deep elf zephyrmancer
  7694 | Bailey   | Killed a deep elf zephyrmancer
  7975 | Bailey   | Identified the +1 plate armour of Nyarriw {Rampage}
  7984 | Bailey   | Identified the +2 hand axe of the Sharing Tiger {flame,
                  | Dex+5}
  7986 | Bailey   | Identified the +1 pair of gloves of the Special Youths
                  | {rElec rC+ Will+}
  7987 | Bailey   | Identified the +2 robe "Beuzid" {Regen+ Str+2}
  8409 | D:6      | Reached XP level 10. HP: 39/44 MP: 20/20
  8409 | D:6      | Gained a life (1 life remaining)
  9372 | D:7      | Found a staircase to the Ecumenical Temple.
  9613 | D:7      | Reached skill level 10 in Stealth
  9773 | Temple   | Entered the Ecumenical Temple
  9782 | Temple   | Became a worshipper of Kikubaaqudgha
  9865 | D:8      | Noticed a death yak
  9865 | D:8      | Noticed a death yak
  9877 | D:8      | Noticed a death yak
  9886 | D:8      | Killed a death yak
  9887 | D:8      | Reached skill level 1 in Fighting
  9887 | D:8      | Reached skill level 1 in Air Magic
  9892 | D:8      | Killed a death yak
  9893 | D:8      | Killed a death yak
  9894 | D:8      | Reached skill level 10 in Dodging
  9965 | D:8      | Found a staircase to the Lair.
 10077 | D:8      | Found a bloodstained altar of Trog.
 10230 | D:8      | Found a transporter.
 10232 | D:8      | Found a transporter.
 10236 | D:8      | Found a transporter.
 11024 | D:8      | Found a transporter.
 11198 | D:8      | Reached * piety under Kikubaaqudgha
 11198 | D:8      | Received a gift from Kikubaaqudgha
 11204 | D:8      | Learned a level 4 spell: Animate Dead
 11587 | D:9      | Reached XP level 11. HP: 10/51 MP: 22/22
 11602 | D:9      | Slain by a troll
 11602 | D:9      | Lost a life (0 lives remaining)
 11610 | D:9      | Found a snail-covered altar of Cheibriados.
 11610 | D:9      | Found a broken altar of Ashenzari.
 11678 | D:9      | Found an ornate altar of the Wu Jian Council.
 11678 | D:9      | Found an opulent altar of Gozag.
 11680 | D:9      | You fall into a shaft and drop 2 floors!
 11711 | D:10     | Entered Level 10 of the Dungeon
 11760 | D:10     | HP: 2/51 [unseen horror (10)]
 11761 | D:10     | Mangled by an unseen horror

Illustrated notes

Levels and vault maps discovered:
D:1:      grunt_arrival_lava_bath, layout_loops_ring,
          dreamdust_ecumenical_altar_grove, minmay_misc_feat_tower,
          minmay_tiny_reverse_x
D:2:      layout_loops_ring, serial_shops, shop, uniq_crazy_yiuf_cottage,
          uniq_sigmund, uniq_jessica
D:3:      layout_rooms, kennysheep_generic_room_15
D:4:      layout_gridville, nicolae_overflow_hidden_temple,
          mainiacjoe_sewer_entry_somewhere_in_here_1, uniq_edmund
D:5:      layout_cave_pools, mainiacjoe_overflow_big_doors,
          chequers_serial_rivers_marsh, uniq_grinder, uniq_pikel
D:6:      layout_loops_ring, uniq_jeremiah, uniq_eustachio
D:7:      layout_layer_cave, minmay_temple_entry_tees, enter_bailey_5,
          serial_glass, glass_columns_a, glass_columns_b
D:8:      layout_basic, trog_butcher_becter, dpeg_lair_monsters,
          hangedman_abyss_or_decor_passed, nicolae_transporter_circle
D:9:      gammafunk_sealed_arena, layout_basic, grunt_temple_overflow_open,
          nicolae_zig_zag_zippers, uniq_erolcha
D:10:     layout_cave_pools, elyvilon_altar_4, serial_glass, glass_columns_a,
          glass_columns_b, uniq_snorg
D:11:     layout_basic, erik_orc_4, uniq_maurice
Temple:   hellmonk_temple_two_chambers

Skill      XL: |  1  2  3  4  5  6  7  8  9 10 |
---------------+-------------------------------+-----
Stealth        | 3 4 5 6 7 9 10 | 10.0
Dodging        | 3 4 5 6 7 9 10 | 10.3
Spellcasting   | 3 4 5 6 7 |  7.1
Summonings     | 5 6 7 8 |  8.5
Fire Magic     | 1 3 4 5 |  5.0
Fighting       | 2 |  2.9
Air Magic      | 6 |  6.9
Necromancy     | 6 |  6.1

Action                     |  1- 3 |  4- 6 |  7- 9 | 10-12 || total
---------------------------+-------+-------+-------+-------++-------
  Melee: Unarmed           |    32 |    69 |    59 |    24 ||   184
         Bite              |     6 |     3 |     8 |     3 ||    20
   Cast: Summon Small Mamm |    31 |    52 |    21 |     5 ||   109
         Call Imp          |    12 |    29 |    12 |     7 ||    60
         Call Canine Famil |       |    13 |     6 |     8 ||    27
         Summon Blazeheart |       |     2 |    27 |    23 ||    52
         Summon Lightning  |       |       |    10 |     6 ||    16
  Evoke: Wand              |       |     1 |     1 |     3 ||     5
    Use: Scroll            |       |     5 |    10 |     7 ||    22
         Potion            |       |     1 |     2 |     3 ||     6
   Stab: Sleeping          |     8 |     2 |     2 |     2 ||    14
         Distracted        |       |     1 |       |     1 ||     2
         Invisible         |       |       |     2 |       ||     2
 Armour: Skin              |    18 |    45 |    55 |    26 ||   144
  Dodge: Dodged            |    54 |   143 |   195 |    82 ||   474

Table legend: (Time is in decaauts)
 A = Elapsed time spent in this place.
 B = Non-inter-level travel time spent in this place.
 C = Inter-level travel time spent in this place.
 D = Time resting spent in this place.
 E = Time spent auto-exploring this place.
 F = Levels seen in this place.
 G = Mean time per level.
                   A        B        C        D        E       F      G
               +--------+--------+--------+--------+--------+-----+--------+
         Total |  11863 |  11573 |    290 |   2833 |   6022 |  14 |  847.4 |
       Dungeon |  10222 |   9941 |    281 |   2041 |   5733 |  11 |  929.3 |
        Temple |     18 |      9 |      9 |      0 |      0 |   1 |   18.0 |
         Sewer |    836 |    836 |      0 |    293 |    201 |   1 |  836.0 |
        Bailey |    785 |    785 |      0 |    499 |     88 |   1 |  785.0 |
               +--------+--------+--------+--------+--------+-----+--------+

Top non-repeatable levels by time:
     D:8: 1729 daAuts
     D:2: 1365 daAuts
     D:4: 1364 daAuts
     D:7: 1207 daAuts
     D:6: 1191 daAuts
     D:3: 1171 daAuts
     D:1: 1092 daAuts
     D:5: 865 daAuts
   Sewer: 836 daAuts
  Bailey: 785 daAuts
     D:9: 142 daAuts
    D:10: 61 daAuts
    D:11: 30 daAuts
  Temple: 18 daAuts
